 Dungeon Crawl Stone Soup version 0.22-b1-26-g9dbaab1 (webtiles) character file.

75170 troglodite the Blocker (level 15, -17/122 HPs)
             Began as a Demonspawn Berserker on Aug 6, 2018.
             Was a High Priest of Trog.
             Killed from afar by Nikola (34 damage)
             ... with a chain lightning
             ... on level 1 of the Swamp on Aug 7, 2018.
             The game lasted 01:27:25 (24528 turns).

troglodite the Blocker (Demonspawn Berserker)      Turns: 24528, Time: 01:27:26

Health: -17/122    AC: 33    Str: 18    XL:     15   Next: 8%
Magic:  15/15      EV:  9    Int:  8    God:    Trog [*****.]
Gold:   2086       SH: 21    Dex: 19    Spells: 14/14 levels left

rFire    . . .     SeeInvis .   f - +7 falchion (flame)
rCold    + . .     Gourm    .   m - +0 large shield
rNeg     + . .     Faith    .   n - +6 plate armour {rC+}
rPois    +         Spirit   .   R - +1 hat
rElec    .         Reflect  +   N - +2 cloak {rPois}
rCorr    .         Harm     .   X - +1 pair of gloves
MR       ++++.                  (no boots)
Stlth    ..........             Z - +2 amulet of reflection
HPRegen  1.30/turn              a - ring of Temptation {rN+ MR+}
MPRegen  0.14/turn              j - +4 ring of protection

@: berserk cooldown, regenerating
A: talons 2, rugged brown scales 2, nightstalker 1, powered by death 2
a: Berserk, Trog's Hand, Brothers in Arms, Renounce Religion


You were on level 1 of the Swamp.
You worshipped Trog.
Trog was extremely pleased with you.
You were not hungry.

You visited 4 branches of the dungeon, and saw 22 of its levels.
You also visited: Labyrinth, Ossuary and Volcano.

You collected 2515 gold pieces.
You spent 429 gold pieces at shops.

Inventory:

Hand Weapons
 f - a +7 falchion of flaming (weapon)
 G - a +9 scimitar of slicing
 L - the +4 falchion "Impslayer" {slice, rPois Dex+4}
   (You found it in a labyrinth)

   It inflicts extra damage upon your enemies.
   It affects your dexterity (+4).
   It protects you from poison.
 S - the +8 hunting sling of Ublon {velocity, MR+ Stlth+}
   (You found it on level 13 of the Dungeon)

   Any stone fired from it inflicts extra damage.
   It affects your resistance to hostile enchantments.
   It makes you more stealthy.
 V - a +4 demon blade of venom
Missiles
 e - 109 sling bullets
 Q - 349 stones (quivered)
Armour
 m - a +0 large shield (worn)
 n - a +6 plate armour of cold resistance (worn)
 H - the +1 chain mail of the Beggar {+Fly rPois rC+}
   (You took it off an orc on level 10 of the Dungeon)

   It protects you from cold.
   It protects you from poison.
   It lets you fly.
 N - a +2 cloak of poison resistance (worn)
 R - a +1 hat (worn)
 X - a +1 pair of gloves (worn)
Jewellery
 a - the ring of Temptation (left hand) {rN+ MR+}
   (You acquired it on level 3 of the Lair of Beasts)

   [ring of protection from magic]

   It protects you from negative energy.
   It affects your resistance to hostile enchantments.
 d - an uncursed ring of protection from magic
 j - a +4 ring of protection (right hand)
 o - an uncursed amulet of regeneration
 Z - a +2 amulet of reflection (around neck)
Wands
 v - a wand of polymorph (14)
 Y - a wand of digging (10)
Scrolls
 h - a scroll of summoning
 k - a scroll of teleportation
 p - 8 scrolls of blinking
 s - 9 scrolls of remove curse
 y - 2 scrolls of identify
 C - a scroll of magic mapping
Potions
 b - 3 potions of lignification
 g - a potion of brilliance
 i - 4 potions of berserk rage
 l - 9 potions of agility
 q - a potion of mutation
 r - 8 potions of curing
 t - 2 potions of resistance
 u - 4 potions of might
 w - 5 potions of invisibility
 x - 2 potions of ambrosia
 z - 2 potions of heal wounds
 B - 4 potions of flight
 K - 5 potions of haste
 O - a potion of cancellation
Comestibles
 c - 40 rations


   Skills:
 * Level 10.6 Fighting
 + Level 11.2 Long Blades
 * Level 4.5 Slings
 * Level 10.1 Armour
 * Level 9.4 Dodging
 + Level 1.2 Stealth
 * Level 14.5 Shields
 + Level 0.3 Unarmed Combat


You had 14 spell levels left.
You didn't know any spells.
Your spell library was empty.

Dungeon Overview and Level Annotations

Branches:
Dungeon (13/15)            Temple (0/1) D:5            Lair (6/6) D:10
  Swamp (1/4) Lair:4       Spider (0/4) Lair:3        Slime (0/5) Lair:6
    Orc (2/2) D:12            Elf (0/3) Orc:2        Vaults (0/5) D:13

Altars:
Cheibriados
Dithmenos
Fedhas
Kikubaaqudgha
Okawaru
Wu Jian
Xom
Zin
Beogh
Jiyva

Shops:
D:4 !   Orc:1 :   Orc:2 %}!*

Annotations:
Swamp:1 Nikola


Innate Abilities, Weirdness & Mutations

You have razor-sharp toenails.
You are mostly covered in rugged brown scales. (AC +2, +5% HP)
You are slightly more attuned to the shadows.
You regenerate health from kills.


Message History

The swamp drake bites you but does no damage.
Unknown command.
You hit the spiny frog. You burn the spiny frog.
The spiny frog is severely wounded.
You feel yourself speed up. You block the spiny frog's attack.
You hear a distant "Zot"!
Nikola casts a spell.
Nikola blinks!
You block the swamp drake's attack. You block the spiny frog's attack.
Nikola mumbles some strange words.
You hear a mighty clap of thunder!
The lightning arc hits the spiny frog.
The spiny frog dies!
The lightning arc hits you!
* * * LOW HITPOINT WARNING * * *
The lightning arc hits the swamp drake.
The swamp drake dies!
The lightning arc hits you!
You die...

....}≈≈.♣
..♣.≈≈..♣♣♣♣♣
.≈.≈≈≈.≈.≈..♣
≈.≈≈≈≈......♣
..≈≈≈.@≈≈≈≈§♣
..≈≈.≈≈≈≈§§§♣
....≈≈≈†)§@§♣
......≈≈§§§♣♣
........§§♣♣
......≈≈♣≈≈♣
≈.≈≈♣§.♣♣♣♣♣
≈≈...♣♣♣
♣♣.≈.


You could see Nikola.

Vanquished Creatures
  Kirke (Lair:5)
  2 entropy weavers (Lair:5)
  A minotaur (Lab)
  4 dire elephants (Lair:6)
  The ghost of Votiawn the Fighter, a journeyman DrTm of Wu Jian (Lair:4)
  Snorg (D:12)
  Fannar (D:10)
  Harold (D:9)
  A centaur warrior (D:13)
  An anaconda (Lair:6)
  4 hydras
  Erica (Lair:1)
  The ghost of Garuxode the Brawler, a novice TrMo of Cheibriados (D:13)
  2 two-headed ogres (D:10)
  Urug (D:12)
  A queen ant (Lair:5)
  Nergalle (D:12)
  Sonja (Lair:4)
  A salamander mystic (Volcano)
  A spriggan druid (Swamp:1)
  An unseen horror (D:11)
  A hell knight (Volcano)
  3 orc knights (Orc:2)
  3 ugly things
  2 manticores (D:12)
  A slime creature (D:12)
  6 salamanders (Volcano)
  2 cyclopes (D:12)
  4 black mambas
  12 elephants
  8 spiny frogs
  A freezing wraith (D:13)
  4 komodo dragons
  5 hornets
  2 tengu conjurers
  4 trolls
  A polar bear (Lair:3)
  Grinder (D:5)
  11 hippogriffs
  9 blink frogs
  5 dream sheep (Lair:6)
  A vampire (D:13)
  2 wyverns
  A spriggan (shapeshifter) (D:13)
  45 yaks
  A basilisk (Lair:3)
  Eustachio (D:4)
  9 hogs
  A human (D:7)
  6 vampire mosquitoes
  3 hungry ghosts
  Menkaure (D:5)
  18 soldier ants
  6 wargs
  18 water moccasins
  8 porcupines
  A swamp drake (Swamp:1)
  4 black bears
  5 phantoms
  2 sky beasts
  31 orc warriors
  A necrophage (D:13)
  5 ice beasts
  10 ogres
  9 wolves (Lair:2)
  15 centaurs
  14 crocodiles
  An elf zombie (Ossuary)
  A big kobold (D:13)
  13 bullfrogs
  A wyvern skeleton (D:11)
  6 scorpions
  3 wights (D:12)
  8 howler monkeys
  3 electric eels (Lair:4)
  6 bullfrog zombies
  2 centaur zombies
  3 crimson imps
  8 hounds
  2 jellies
  2 quasits
  2 human zombies (Ossuary)
  12 orc priests
  6 centaur skeletons
  4 iguanas
  2 bullfrog skeletons
  Terence (D:2)
  28 worker ants
  Natasha (thrice) (D:3)
  14 orc wizards
  3 big kobold zombies (Ossuary)
  A hound zombie (Ossuary)
  3 mummies (Ossuary)
  2 worker ant zombies
  13 adders
  A shadow imp (D:5)
  2 oozes (D:1)
  4 adder skeletons
  An adder zombie (Ossuary)
  3 worms
  A dart slug (D:3)
  4 leopard geckos
  70 orcs
  13 bats
  7 giant cockroaches
  10 goblins
  13 hobgoblins
  7 jackals
  5 quokkas
  A ball python skeleton (D:4)
  7 frilled lizards
  2 gnoll zombies (Ossuary)
  5 goblin zombies (Ossuary)
  5 hobgoblin zombies (Ossuary)
  A jackal zombie (Ossuary)
  9 kobolds
  4 kobold zombies (Ossuary)
  A leopard gecko skeleton (D:6)
  2 quokka skeletons
  3 quokka zombies (Ossuary)
  3 rats
  6 rat zombies (Ossuary)
  2 plants (Lair:6)
677 creatures vanquished.

Vanquished Creatures (collateral kills)
  An orc knight (Orc:2)
  2 slime creatures (D:12)
  4 yaks (D:12)
  An acid dragon (D:11)
  5 orc warriors
  2 centaurs (Orc:2)
  An orc priest (D:13)
  3 orcs (D:13)
19 creatures vanquished.

Vanquished Creatures (others)
  A spiny frog (Swamp:1)
  A hornet (Swamp:1)
  A spriggan (Swamp:1)
  A human (Lair:5)
  2 swamp drakes (Swamp:1)
  9 fungi
  9 plants
24 creatures vanquished.

Grand Total: 720 creatures vanquished

Notes
Turn   | Place    | Note
-------+----------+-------------------------------------------
     0 | D:1      | troglodite the Demonspawn Berserker began the quest for the Orb.
     0 | D:1      | Reached XP level 1. HP: 18/18 MP: 1/1
   138 | D:1      | Gained mutation: You regenerate a little health from kills. [demonic ancestry]
   138 | D:1      | Reached XP level 2. HP: 20/24 MP: 2/2
   367 | D:1      | Gained mutation: You are partially covered in rugged brown scales. (AC +1, +3% HP) [demonic ancestry]
   367 | D:1      | Reached XP level 3. HP: 24/29 MP: 3/3
   911 | D:2      | Reached ** piety under Trog
   940 | D:2      | Gained mutation: You have sharp toenails. [demonic ancestry]
   940 | D:2      | Reached XP level 4. HP: 33/37 MP: 4/4
   968 | D:2      | Found a faded altar of an unknown god.
  1055 | D:2      | Noticed Terence
  1060 | D:2      | Killed Terence
  1102 | D:2      | Found an iron altar of Okawaru.
  1371 | D:3      | Noticed Natasha
  1386 | D:3      | Killed Natasha
  1410 | D:2      | Reached XP level 5. HP: 26/43 MP: 5/5
  1645 | D:3      | Found a shadowy altar of Dithmenos.
  1745 | D:3      | Noticed Natasha
  1756 | D:3      | Killed Natasha
  1756 | D:3      | Reached skill level 1 in Shields
  1862 | D:3      | Noticed Natasha
  1871 | D:3      | Killed Natasha
  2358 | D:3      | Reached XP level 6. HP: 49/49 MP: 6/6
  2467 | D:4      | Found Vomile's Distillery.
  2467 | D:4      | Noticed Eustachio
  2583 | D:4      | Killed Eustachio
  2583 | D:4      | Reached skill level 2 in Shields
  2679 | D:4      | Reached skill level 3 in Shields
  2679 | D:4      | Reached XP level 7. HP: 13/55 MP: 7/7
  2986 | D:4      | Reached *** piety under Trog
  3450 | D:4      | Found a blossoming altar of Fedhas.
  3453 | D:4      | Found a snail-covered altar of Cheibriados.
  3456 | D:4      | Found an ancient bone altar of Kikubaaqudgha.
  3727 | D:5      | Entered Level 5 of the Dungeon
  3734 | D:5      | Found an ornate altar of the Wu Jian Council.
  3758 | D:5      | Noticed Menkaure
  3764 | D:5      | Killed Menkaure
  3764 | D:5      | Reached skill level 4 in Shields
  3764 | D:5      | Gained mutation: You regenerate health from kills. [demonic ancestry]
  3764 | D:5      | Reached XP level 8. HP: 62/62 MP: 8/8
  3970 | D:5      | Noticed Grinder
  3979 | D:5      | Killed Grinder
  3979 | D:5      | Reached skill level 5 in Long Blades
  4109 | D:5      | Found a staircase to the Ecumenical Temple.
  4156 | D:5      | Reached skill level 5 in Fighting
  4156 | D:5      | Reached skill level 5 in Shields
  4251 | D:5      | Found a shimmering altar of Xom.
  4335 | D:6      | Found a glowing silver altar of Zin.
  4497 | D:6      | Reached skill level 5 in Armour
  4775 | D:6      | Noticed a hippogriff
  4788 | D:6      | Killed a hippogriff
  4788 | D:6      | Reached XP level 9. HP: 58/70 MP: 9/9
  5090 | D:7      | Reached **** piety under Trog
  5162 | D:7      | Reached skill level 6 in Shields
  5239 | D:7      | Reached skill level 5 in Dodging
  5457 | D:7      | Reached skill level 7 in Shields
  5600 | D:7      | Found a sand-covered staircase.
  5609 | Ossuary  | Entered an ossuary
  5852 | Ossuary  | Reached ***** piety under Trog
  6083 | D:7      | Gained mutation: You are mostly covered in rugged brown scales. (AC +2, +5% HP) [demonic ancestry]
  6083 | D:7      | Reached XP level 10. HP: 79/79 MP: 10/10
  7494 | D:9      | Received a gift from Trog
  7494 | D:9      | Reached skill level 8 in Shields
  7697 | D:9      | Noticed Harold
  7707 | D:9      | Killed Harold
  8063 | D:10     | Entered Level 10 of the Dungeon
  8095 | D:10     | Found a staircase to the Lair.
  8162 | D:10     | Got an encrusted chain mail
  8173 | D:10     | Identified the +1 chain mail of the Beggar {+Fly rPois rC+} (You took it off an orc on level 10 of the Dungeon)
  8238 | D:10     | Found a blossoming altar of Fedhas.
  8289 | D:10     | Noticed Fannar
  8322 | D:10     | Killed Fannar
  8322 | D:10     | Reached skill level 9 in Shields
  8322 | D:10     | Gained mutation: You are slightly more attuned to the shadows. [demonic ancestry]
  8322 | D:10     | Reached XP level 11. HP: 55/88 MP: 11/11
  8398 | D:10     | Noticed a two-headed ogre
  8408 | D:10     | Killed a two-headed ogre
  8650 | D:10     | Noticed a two-headed ogre
  8656 | D:10     | Killed a two-headed ogre
  9032 | D:11     | Found a labyrinth entrance.
  9034 | D:11     | Noticed a cyan ugly thing
  9037 | Lab      | Entered a labyrinth
  9459 | Lab      | Noticed a minotaur
  9479 | Lab      | Killed a minotaur
  9511 | Lab      | Got an ancient falchion
  9511 | Lab      | Got a smoking ring mail
  9514 | Lab      | Identified the +4 falchion "Impslayer" {slice, rPois Dex+4} (You found it in a labyrinth)
  9527 | Lab      | Identified the +1 ring mail of the Crown {Str+3} (You found it in a labyrinth)
  9579 | D:11     | Killed a cyan ugly thing
  9682 | D:11     | Killed an unseen horror
  9783 | D:11     | Received a gift from Trog
 10316 | D:12     | Reached skill level 10 in Shields
 10567 | D:11     | Reached skill level 1 in Stealth
 10809 | D:12     | Reached XP level 12. HP: 83/96 MP: 12/12
 11111 | D:12     | Noticed Urug
 11219 | D:12     | Noticed Snorg
 11237 | D:12     | Killed Snorg
 11237 | D:12     | Received a gift from Trog
 11446 | D:12     | Found a staircase to the Orcish Mines.
 11460 | D:12     | Killed Urug
 11460 | D:12     | Reached skill level 11 in Shields
 11574 | D:12     | Noticed Nergalle
 11773 | D:12     | Killed Nergalle
 12662 | D:13     | Noticed a centaur warrior
 12678 | D:13     | Killed a centaur warrior
 13027 | D:13     | Reached XP level 13. HP: 92/106 MP: 13/13
 13153 | D:13     | Found a runed gate.
 13153 | D:13     | Noticed Garuxode's ghost (novice TrMo)
 13154 | D:13     | Found a runed gate.
 13155 | D:13     | Found a runed gate.
 13183 | D:13     | Killed Garuxode's ghost
 13184 | D:13     | Found a roughly hewn altar of Beogh.
 13217 | D:13     | Got a brightly glowing hunting sling
 13393 | D:13     | Identified the +8 hunting sling of Ublon {velocity, MR+ Stlth+} (You found it on level 13 of the Dungeon)
 13483 | D:13     | Reached skill level 12 in Shields
 13492 | D:13     | Found a gate to the Vaults.
 14574 | Orc:1    | Entered Level 1 of the Orcish Mines
 14684 | Orc:1    | Reached skill level 10 in Long Blades
 14758 | Orc:1    | Found Isuanun's Book Shoppe.
 15003 | Orc:2    | Entered Level 2 of the Orcish Mines
 15141 | Orc:2    | Received a gift from Trog
 15198 | Orc:2    | Found a staircase to the Elven Halls.
 15425 | Orc:2    | Reached skill level 1 in Slings
 15791 | Orc:2    | Found Issonko's Gadget Boutique.
 15791 | Orc:2    | Found Waxyeb's Distillery.
 15792 | Orc:2    | Found Fuamep's Assorted Antiques.
 15794 | Orc:2    | Found Ullo's Food Shop.
 15811 | Orc:2    | Bought a scroll of enchant armour for 195 gold pieces
 15811 | Orc:2    | Bought a jewelled scimitar for 234 gold pieces
 16095 | Lair:1   | Entered Level 1 of the Lair of Beasts
 16853 | Lair:1   | Noticed Erica
 16876 | Lair:1   | Killed Erica
 17241 | Lair:2   | Reached skill level 13 in Shields
 18255 | Lair:3   | Received a gift from Trog
 18295 | Lair:3   | Identified a scroll of acquirement
 18298 | Lair:3   | Got a heavily runed granite ring
 18300 | Lair:3   | Identified the ring of Temptation {rN+ MR+} (You acquired it on level 3 of the Lair of Beasts)
 18330 | Lair:3   | Found a hole to the Spider Nest.
 18830 | Lair:4   | Gained mutation: You have razor-sharp toenails. [demonic ancestry]
 18830 | Lair:4   | Reached XP level 14. HP: 114/114 MP: 14/14
 18951 | Lair:4   | Found a dark tunnel.
 18974 | Volcano  | Entered a volcano
 19008 | Volcano  | Found a burning altar of Makhleb.
 19483 | Lair:4   | Found a staircase to the Swamp.
 19783 | Lair:4   | Found a runed door.
 19834 | Lair:4   | Reached skill level 10 in Fighting
 20016 | Lair:4   | Noticed Sonja
 20030 | Lair:4   | Killed Sonja
 20371 | Lair:4   | Noticed Votiawn's ghost (journeyman DrTm)
 20372 | Lair:4   | Found the +6 shillelagh "Devastator" {shatter}
 20396 | Lair:4   | Killed Votiawn's ghost
 20747 | Lair:5   | Noticed Kirke
 21211 | Lair:5   | Killed Kirke
 21535 | Lair:5   | Reached ****** piety under Trog
 21583 | Lair:5   | Received a gift from Trog
 21612 | Lair:5   | Noticed an entropy weaver
 21634 | Lair:5   | Killed an entropy weaver
 22071 | Lair:5   | Noticed an entropy weaver
 22488 | Lair:5   | Killed an entropy weaver
 22521 | Lair:4   | Reached skill level 14 in Shields
 22745 | Lair:6   | Entered Level 6 of the Lair of Beasts
 22984 | Lair:6   | Reached skill level 10 in Armour
 23448 | Lair:6   | Found a viscous altar of Jiyva.
 23448 | Lair:6   | Found a staircase to the Slime Pits.
 23984 | Lair:6   | Reached XP level 15. HP: 81/122 MP: 15/15
 24438 | Swamp:1  | Entered Level 1 of the Swamp
 24444 | Swamp:1  | Found a transporter.
 24515 | Swamp:1  | Noticed Nikola
 24517 | Swamp:1  | Received a gift from Trog
 24528 | Swamp:1  | Killed from afar by Nikola

Skill      XL: |  1  2  3  4  5  6  7  8  9 10 11 12 13 14 |
---------------+-------------------------------------------+-----
Long Blades    | 3 4 5 6 7 9 10 11 | 11.2
Dodging        | 2 3 4 5 6 7 8 9 |  9.4
Armour         | 2 3 4 5 6 7 8 9 10 | 10.1
Shields        | 1 3 4 5 7 9 10 11 13 14 | 14.5
Fighting       | 4 5 6 7 8 9 10 | 10.6
Stealth        | 1 |  1.2
Slings         | 2 4 |  4.5
Unarmed Combat | |  0.3

Action                   |  1- 3 |  4- 6 |  7- 9 | 10-12 | 13-15 || total
-------------------------+-------+-------+-------+-------+-------++-------
Melee: Falchion          |   121 |   135 |   376 |   653 |  1609 ||  2894
       Kick              |       |    50 |   135 |   380 |   812 ||  1377
       Scimitar          |       |       |       |   156 |       ||   156
       Unarmed           |       |       |       |       |    10 ||    10
Invok: Berserk           |     2 |     7 |     7 |    19 |    17 ||    52
       Brothers in Arms  |       |       |       |     2 |     4 ||     6
       Trog's Hand       |       |       |       |       |     1 ||     1
  Use: Scroll            |       |       |    14 |    15 |    19 ||    48
       Potion            |       |       |       |     2 |     2 ||     4
  Eat: Chunk             |     2 |    12 |    12 |    30 |    38 ||    94
       Ration            |       |       |     2 |     4 |     6 ||    12
Armor: Ring mail         |    93 |     8 |       |       |       ||   101
       Plate armour      |       |   172 |   245 |    61 |   677 ||  1155
       Chain mail        |       |     8 |       |   330 |    77 ||   415
Dodge: Dodged            |   119 |    19 |    32 |   210 |   432 ||   812
Block: Large shield      |       |   124 |   300 |   839 |  1729 ||  2992
       Reflection        |       |       |       |       |    12 ||    12
       Other             |       |       |       |       |     2 ||     2
       Rpst.: Falchion   |    34 |     3 |     8 |    44 |    85 ||   174
       Scimitar          |       |       |       |     6 |       ||     6
